 Dungeon Crawl Stone Soup version 0.21.0-37-g46506fa5f3 (webtiles) character file.

129 Fascinator the Covered (level 4, 0/37 HPs)
             Began as a Demonspawn Fighter on Feb 1, 2018.
             Succumbed to a killer bee's poison
             ... on level 3 of the Dungeon.
             The game lasted 00:06:57 (2215 turns).

Fascinator the Covered (Demonspawn Fighter)         Turns: 2215, Time: 00:06:58

Health: 0/37       AC: 10    Str: 17    XL:     4   Next: 88%
Magic:  4/4        EV:  7    Int:  9    God:
Gold:   126        SH:  9    Dex: 13    Spells: 3/3 levels left

rFire    + . .     SeeInvis .   a - +0 trident
rCold    + . .     Gourm    .   c - +0 shield
rNeg     . . .     Faith    .   b - +0 scale mail
rPois    .         Spirit   .   (no helmet)
rElec    .         Reflect  .   s - scarf {rC+ rF+}
rCorr    .         Harm     .   m - +0 pair of gloves (curse)
MR       .....                  (no boots)
Stlth    ..........             (no amulet)
HPRegen  0.12/turn              (no ring)
MPRegen  0.09/turn              (no ring)

@: lethally poisoned (0 -> -28), flying, very slightly contaminated, invisible
A: slimy green scales 1, demonic guardian 1, rot immunity
a: no special abilities


You were on level 3 of the Dungeon.
You were hungry.

You visited 1 branch of the dungeon, and saw 4 of its levels.

You collected 126 gold pieces.

Inventory:

Hand Weapons
 a - a +0 trident (weapon)
Armour
 b - a +0 scale mail (worn)
 c - a +0 shield (worn)
 m - a cursed +0 pair of gloves (worn)
 s - a scarf of resistance (worn)
Jewellery
 e - an uncursed ring of protection from cold {unknown}
 n - an uncursed amulet of guardian spirit {unknown}
 o - a +2 ring of intelligence {unknown}
 q - an uncursed amulet of faith {unknown}
Scrolls
 h - 4 scrolls of teleportation {unknown}
 i - 5 scrolls of identify {unknown}
 k - a scroll of blinking {unknown}
 l - a scroll of enchant weapon {unknown}
 w - a scroll of noise {unknown}
 y - a scroll of remove curse {unknown}
Potions
 d - a potion of might
 g - a potion of mutation {unknown}
 j - a potion of haste {unknown}
 p - a potion of heal wounds {unknown}
 r - a potion of degeneration {unknown}
 t - 2 potions of lignification {unknown}
 u - 2 potions of invisibility
 v - a potion of flight
Comestibles
 f - 6 rations


   Skills:
 + Level 3.6 Fighting
 + Level 2.7 Polearms
 + Level 3.6 Armour
 + Level 3.3 Shields


You had 3 spell levels left.
You didn't know any spells.

Dungeon Overview and Level Annotations

Branches:
Dungeon (4/15)
 Temple: D:4-7

Altars:
Vehumet


Innate Abilities, Weirdness & Mutations

You are partially covered in slimy green scales. (AC +2)
A weak demonic guardian rushes to your aid.
You are immune to rotting.


Message History

The killer bee stings you.
* * * LOW HITPOINT WARNING * * *
You are more poisoned.
The killer bee poisons you!
Your iron imp hits the killer bee.
The killer bee stings you but does no damage.
It was a potion of invisibility.
You fade into invisibility!
* * * LOW HITPOINT WARNING * * *
You feel sick.
The killer bee stings you but does no damage.
You block the killer bee's attack. x2; The killer bee barely misses you.
The killer bee closely misses you. The killer bee stings you.
* * * LOW HITPOINT WARNING * * *
You are more poisoned.
The killer bee poisons you!
You are very lightly contaminated with residual magic.
It was a potion of flight.
You feel very buoyant.
You fly up into the air.
You die...

....##......# #### ....##......#
#..# ...###......# ###### ##.##
..####......# #....# ####..#
#...........#######....###....###
#####..................#...##....
##..#.##.######....#.####....
##...##.######......# #....
###..#.##y@y....#### #.... ##
###.....5y####.## #....
.######......#######.# ##....
...........<.........#######.....
##....#..#..##.........).).......
#..........##.......########....
##.#######...........# #.... ...#
##.#........# ####. ####
#.##...###.## ##..


You could see 3 killer bees and a friendly iron imp.

Vanquished Creatures
  An adder (D:1)
  3 worms
  A dart slug (D:2)
  3 leopard geckos
  2 orcs (D:3)
  A ball python (D:1)
  11 bats
  3 giant cockroaches
  6 goblins
  9 hobgoblins
  8 jackals
  A quokka (D:2)
  A frilled lizard (D:1)
  12 kobolds
  7 rats
69 creatures vanquished.

Vanquished Creatures (collateral kills)
  An orc wizard (D:3)
  3 orcs (D:3)
  A giant cockroach (D:3)
  A jackal (D:3)
  A quokka (D:3)
7 creatures vanquished.

Vanquished Creatures (others)
  A rat (D:1)
1 creature vanquished.

Grand Total: 77 creatures vanquished

Notes
Turn   | Place    | Note
-------+----------+-------------------------------------------
     0 | D:1      | Fascinator the Demonspawn Fighter began the quest for the Orb.
     0 | D:1      | Reached XP level 1. HP: 18/18 MP: 1/1
   224 | D:1      | Gained mutation: A weak demonic guardian rushes to your aid. [demonic ancestry]
   224 | D:1      | Reached XP level 2. HP: 24/24 MP: 2/2
   743 | D:1      | Gained mutation: You are immune to rotting. [demonic ancestry]
   743 | D:1      | Reached XP level 3. HP: 29/29 MP: 3/3
  1306 | D:2      | You fall through a shaft!
  1360 | D:2      | Found a radiant altar of Vehumet.
  1520 | D:3      | Gained mutation: You are partially covered in slimy green scales. (AC +2) [demonic ancestry]
  1520 | D:3      | Reached XP level 4. HP: 29/35 MP: 4/4
  2214 | D:3      | HP: 1/37 [killer bee (2)]
  2215 | D:3      | Succumbed to a killer bee's poison

Skill      XL: |  1  2 |
---------------+-------+-----
Armour         | 3 |  3.6
Polearms       | 2 |  2.7
Shields        | 3 |  3.3
Fighting       | |  3.6

Action                   |  1- 3 |  4- 6 || total
-------------------------+-------+-------++-------
Melee: Trident           |   144 |    90 ||   234
  Use: Potion            |       |     2 ||     2
  Eat: Chunk             |     2 |     2 ||     4
Armor: Scale mail        |    60 |    49 ||   109
Dodge: Dodged            |    33 |    36 ||    69
Block: Shield            |    60 |    57 ||   117
